 Dungeon Crawl Stone Soup version 0.31-a0-232-gb1c03b2570 (webtiles) character file.

Game seed: 9133877831932286422

352 qw the Shooter (level 6, -1/52 HPs)
             Began as a Minotaur Hexslinger on July 7, 2023.
             Succumbed to Robin's poison
             ... on level 4 of the Dungeon.
             The game lasted 00:01:17 (2614 turns).

qw the Shooter (Minotaur Hexslinger)                Turns: 2614, Time: 00:01:18

Health: -1/52      AC: 10    Str: 12 (13) XL:     6   Next: 35%
Magic:  6/6        EV: 11    Int:  8 (10) God:
Gold:   148        SH:  5    Dex: 11 (14) Spells: 6/7 levels left

rFire   . . .        Y - +2 sling
rCold   . . .        (no shield)
rNeg    . . .        l - +0 leather armour
rPois   .            (helmet restricted)
rElec   .            a - scarf {repulsion}
rCorr   .            (no gloves)
SInv    .            b - +2 pair of boots
Will    .....        d - amulet of reflection
Stlth   +            i - +4 ring of protection
HPRegen 0.28/turn    (no ring)
MPRegen 0.10/turn

%: repel missiles, reflection
@: lethally poisoned (-1 -> -17)
A: horns 2, retaliatory headbutt
a: no special abilities


You were on level 4 of the Dungeon.
You visited 1 branch of the dungeon, and saw 4 of its levels.

You collected 148 gold pieces.


Innate Abilities, Weirdness & Mutations

You have a pair of horns on your head.
You reflexively headbutt those who attack you in melee.


   Skills:
 - Level 4.0 Fighting
 + Level 6.4 Ranged Weapons
 - Level 1.0 Armour
 - Level 2.1 Dodging
 - Level 1.0 Spellcasting
 - Level 2.0 Hexes


You had 6 spell levels left.
You knew the following spells:

 Your Spells              Type           Power      Damage    Failure   Level
a - Slow                  Hex            12%        N/A       22%         1

Your spell library contained the following spells:

 Spells                   Type           Power      Damage    Failure   Level
 Inner Flame              Hex/Fire       2%         N/A       69%         3
 Portal Projectile        Hex/Tloc       4%         N/A       69%         3
 Cause Fear               Hex            1%         N/A       91%         4

Inventory:

Hand Weapons
 Y - a +2 sling (weapon)
Armour
 a - a scarf of repulsion (worn)
 b - a +2 pair of boots (worn)
 l - a +0 leather armour (worn)
Jewellery
 d - an amulet of reflection (around neck)
 i - a +4 ring of protection (left hand)
Potions
 f - a potion of enlightenment {unknown}
 j - a potion of haste
 k - 2 potions of curing

Dungeon Overview and Level Annotations

Branches:
Dungeon (4/15)
 Temple: D:4-7

Altars:
Dithmenos
Xom

Annotations:
D:4 Robin


Message History

The goblin is heavily wounded.
The goblin hits you but does no damage. The goblin misses you.
You shoot a sling bullet.
The sling bullet barely misses the goblin.
You block Robin's attack.
The goblin hits you but does no damage. x2
Robin barely misses you. The goblin hits you but does no damage.
The goblin hits you with a +0 club.
You shoot a sling bullet. The sling bullet hits the goblin.
You kill the goblin!
Robin throws the goblin at you! You block the goblin's attack.
You shoot a sling bullet.
The sling bullet closely misses the goblin.
Robin hits you from afar with a +6 trident of venom.
You are poisoned.
The goblin hits you with a +0 club.
You shoot a sling bullet. The sling bullet hits the goblin.
You kill the goblin!
You feel very sick.
Robin hits you from afar with a +6 trident of venom.
A jelly comes into view.
You shoot a sling bullet. The sling bullet closely misses Robin.
You feel sick. Robin throws the goblin at you! You block the goblin's attack.
You shoot a sling bullet.
The sling bullet closely misses the goblin.
You feel sick. You block Robin's attack. The goblin hits you with a +0 dagger.
You shoot a sling bullet. The sling bullet hits the goblin.
You kill the goblin!
You feel sick.
Robin hits you from afar with a +6 trident of venom!
You are lethally poisoned!
You shoot a sling bullet. The sling bullet hits Robin.
Robin is lightly wounded.
You feel very sick. You block Robin's attack.
Robin hits you but does no damage.
You are more poisoned.
You shoot a sling bullet. The sling bullet barely misses Robin.
You feel very sick. Robin misses you.
You shoot a sling bullet. The sling bullet closely misses Robin.
You die...

###.####.####.#
#.##...##
#.#.###.# #.#.#
#.# #.#.###.#
#.##...##
#.###.## #.#
#@# #Jg))#
#.#### .. #. #


You could see a jelly and Robin.

Vanquished Creatures
  An ogre (D:3)
  Natasha (twice) (D:3)
  5 gnolls
  8 adders
  2 worms (D:3)
  2 dart slugs
  4 orcs
  5 endoplasms
  5 giant cockroaches
  12 goblins
  10 hobgoblins
  4 quokkas
  7 ball pythons
  4 bats
  4 frilled lizards
  9 kobolds
  4 rats
88 creatures vanquished.

Notes
Turn   | Place    | Note
-------+----------+-------------------------------------------
     0 | D:1      | qw the Minotaur Hexslinger began the quest for the Orb.
     0 | D:1      | Reached XP level 1. HP: 16/16 MP: 1/1
     0 | D:1      | 0 ||| qw: Version: 0.3-a-46-gb1f654a
     0 | D:1      | 0 ||| qw: Game counter: 2367
     0 | D:1      | 0 ||| qw: Melee chars always use a shield: true
     0 | D:1      | 0 ||| qw: God list: Okawaru
     0 | D:1      | 0 ||| qw: Allow faded altars: false
     0 | D:1      | 0 ||| qw: Do Orc after clearing Dungeon:15 true
     0 | D:1      | 0 ||| qw: Do second Lair branch before Depths: true
     0 | D:1      | 0 ||| qw: Lair rune preference: random
     0 | D:1      | 0 ||| qw: Goals: Normal
     0 | D:1      | 0 ||| PLANNING D:1-11
   152 | D:1      | 152 ||| FLEEEEING.
   153 | D:1      | 153 ||| FLEEEEING.
   154 | D:1      | 154 ||| FLEEEEING.
   196 | D:1      | Reached skill level 3 in Ranged Weapons
   209 | D:1      | Reached XP level 2. HP: 23/23 MP: 2/2
   455 | D:1      | You fall into a shaft and drop 1 floor!
   455 | D:2      | Found a shadowy altar of Dithmenos.
   475 | D:2      | 475 ||| DROPPING scarf of invisibility.
   476 | D:2      | 476 ||| READING scroll labelled ZUBBUI TEENN.
   477 | D:2      | 477 ||| READING scroll labelled ROEGAK BOMEGE.
   478 | D:2      | 478 ||| DRINKING 2 white potions.
   479 | D:2      | 479 ||| DROPPING scroll of poison.
   483 | D:2      | 483 ||| FLEEEEING.
   484 | D:2      | 484 ||| FLEEEEING.
   485 | D:2      | 485 ||| FLEEEEING.
   486 | D:2      | 486 ||| FLEEEEING.
   487 | D:2      | 487 ||| STAIRDANCE
   674 | D:1      | 674 ||| UPGRADING to scarf of repulsion.
   802 | D:2      | Reached XP level 3. HP: 29/29 MP: 3/3
   821 | D:2      | HP: 7/29 [dart slug (1)]
   824 | D:2      | Reached skill level 4 in Ranged Weapons
   906 | D:2      | 906 ||| FLEEEEING.
  1228 | D:2      | 1228 ||| UPGRADING to +2 pair of boots.
  1233 | D:2      | 1233 ||| UPGRADING to +0 leather armour.
  1243 | D:2      | 1243 ||| DROPPING +0 robe.
  1244 | D:2      | 1244 ||| UPGRADING to amulet of reflection.
  1249 | D:2      | 1249 ||| DROPPING amulet of the acrobat.
  1250 | D:2      | 1250 ||| UPGRADING to +4 ring of protection.
  1251 | D:2      | 1251 ||| READING scroll labelled DOQUJE GISS.
  1284 | D:3      | Reached XP level 4. HP: 36/36 MP: 4/4
  1337 | D:3      | Noticed an ogre
  1344 | D:3      | Killed an ogre
  1345 | D:3      | Reached skill level 5 in Ranged Weapons
  1345 | D:3      | Reached XP level 5. HP: 24/41 MP: 5/5
  1469 | D:3      | Noticed Natasha
  1477 | D:3      | Killed Natasha
  1478 | D:3      | Reached skill level 3 in Fighting
  1551 | D:3      | 1551 ||| Stepping ~*~*~tactically~*~*~ (outnumbered).
  1567 | D:3      | Reached skill level 6 in Ranged Weapons
  1724 | D:3      | Found a shimmering altar of Xom.
  1724 | D:3      | Noticed Natasha
  1739 | D:3      | 1739 ||| FLEEEEING.
  1740 | D:3      | 1740 ||| FLEEEEING.
  1746 | D:3      | Reached skill level 1 in Armour
  1873 | D:3      | 1873 ||| READING 2 scrolls labelled TYCVUWNELE.
  2233 | D:3      | Killed Natasha
  2234 | D:3      | Reached XP level 6. HP: 48/52 MP: 6/6
  2373 | D:3      | 2373 ||| READING scroll labelled BUVEOWK VEZATH.
  2374 | D:3      | 2374 ||| READING 2 scrolls labelled QIKURA SYBLOU.
  2375 | D:3      | 2375 ||| DRINKING 2 cyan potions.
  2376 | D:3      | 2376 ||| DRINKING 3 fizzy golden potions.
  2377 | D:3      | 2377 ||| DROPPING scroll of fog.
  2441 | D:4      | HP: 13/52 [gnoll bouda/+0 club (2)]
  2442 | D:4      | 2442 ||| READING scroll of teleportation.
  2443 | D:4      | 2443 ||| DRINKING potion of heal wounds.
  2487 | D:4      | 2487 ||| FLEEEEING.
  2488 | D:4      | 2488 ||| FLEEEEING.
  2489 | D:4      | 2489 ||| FLEEEEING.
  2490 | D:4      | 2490 ||| FLEEEEING.
  2491 | D:4      | 2491 ||| FLEEEEING.
  2492 | D:4      | 2492 ||| FLEEEEING.
  2493 | D:4      | 2493 ||| FLEEEEING.
  2494 | D:4      | 2494 ||| FLEEEEING.
  2495 | D:4      | 2495 ||| FLEEEEING.
  2496 | D:4      | 2496 ||| FLEEEEING.
  2497 | D:4      | 2497 ||| FLEEEEING.
  2498 | D:4      | 2498 ||| FLEEEEING.
  2499 | D:4      | 2499 ||| FLEEEEING.
  2500 | D:4      | 2500 ||| FLEEEEING.
  2501 | D:4      | 2501 ||| FLEEEEING.
  2502 | D:4      | 2502 ||| FLEEEEING.
  2503 | D:4      | 2503 ||| FLEEEEING.
  2504 | D:4      | 2504 ||| STAIRDANCE
  2522 | D:3      | 2522 ||| DRINKING 2 pink potions.
  2523 | D:3      | 2523 ||| DROPPING potion of degeneration.
  2532 | D:4      | 2532 ||| STAIRDANCE
  2594 | D:4      | Noticed Robin
  2611 | D:4      | HP: 11/52 [Robin/+6 trident of venom (9)]
  2613 | D:4      | HP: 3/52 [poisoned by Robin]
  2614 | D:4      | Succumbed to Robin's poison

Levels and vault maps discovered:
D:1:      lightli_arrival_maybe_door_vault, layout_basic
D:2:      kennysheep_big_flooded_room, layout_basic, basic_altar
D:3:      minmay_octagon_keep, layout_loops_ring,
          mainiacjoe_overflow_concentric_impassable, uniq_natasha
D:4:      layout_loops_ring, kennysheep_generic_room_14, uniq_robin,
          uniq_crazy_yiuf_cottage

Skill      XL: |  1  2  3  4  5  6 |
---------------+-------------------+-----
Ranged Weapons | 3 4 5 6 |  6.4
Fighting       | 2 3 4 |  4.0
Armour         | 1 |  1.0
Dodging        | |  2.1
Spellcasting   | |  1.0
Hexes          | |  2.0

Action                     |  1- 3 |  4- 6 || total
---------------------------+-------+-------++-------
   Fire: Sling             |   108 |   181 ||   289
    Use: Scroll            |     3 |     4 ||     7
         Potion            |     1 |     4 ||     5
 Armour: Robe              |     6 |       ||     6
         Leather armour    |       |    27 ||    27
         Skin              |       |     4 ||     4
  Dodge: Dodged            |    40 |    61 ||   101
         Repelled          |     2 |     1 ||     3
  Block: Other             |       |    27 ||    27

Table legend:
 A = Non-vault XP
 B = Vault XP
 C = Vault XP percentage of total XP
 D = Non-vault monster count
 E = Vault monster count
 F = Vault count percentage of total count
                 A         B        C        D         E       F
            +---------+---------+-------+---------+---------+-------
      Total |     404 |     100 |  19.8 |      64 |      24 |  27.3
            +---------+---------+-------+---------+---------+-------
        D:1 |      23 |       0 |   0.0 |      12 |       0 |   0.0
        D:2 |      64 |       2 |   3.0 |      23 |       2 |   8.0
        D:3 |     230 |      81 |  26.0 |      22 |      13 |  37.1
        D:4 |      87 |      17 |  16.3 |       7 |       9 |  56.2
            +---------+---------+-------+---------+---------+-------
